 Dungeon Crawl Stone Soup version 0.27.1-33-g824d729ab1 (webtiles) character file.

Game seed: 4037822157954231725

608 unlimited1921 the Shield-Bearer (level 7, -4/38 HPs)
             Began as a Vine Stalker Fighter on Dec 30, 2021.
             Slain by a wyvern skeleton (10 damage)
             ... on level 5 of the Dungeon.
             The game lasted 00:15:15 (3846 turns).

unlimited1921 the Shield-Bearer (VSFi)              Turns: 3846, Time: 00:15:15

Health: -4/38      AC: 12    Str: 20    XL:     7   Next: 43%
Magic:  0/8        EV:  3    Int:  8    God:
Gold:   219        SH: 10    Dex: 14    Spells: 6/6 levels left

rFire    . . .     SeeInvis .   a - +0 long sword
rCold    . . .     Faith    .   c - +0 kite shield
rNeg     . . .     Spirit   +   h - +0 plate armour
rPois    .         Reflect  .   (no helmet)
rElec    .         Harm     .   l - +0 cloak
rCorr    .         Rampage  .   (no gloves)
Will     .....                  (no boots)
Stlth    ..........             (no amulet)
HPRegen  1.12/turn              (no ring)
MPRegen  0.11/turn              (no ring)

@: no status effects
A: fangs 2, regeneration 1, magic shield, antimagic bite, no potion heal 2
a: no special abilities


You were on level 5 of the Dungeon.
You visited 1 branch of the dungeon, and saw 5 of its levels.

You collected 219 gold pieces.

Inventory:

Hand Weapons
 a - a +0 long sword (weapon)
 o - a +0 hand axe
 t - a +0 shortbow
 w - a +4 quarterstaff of chaos
Missiles
 r - 18 bolts
 u - 54 arrows
Armour
 c - a +0 kite shield (worn)
 h - a +0 plate armour (worn)
 l - a +0 cloak (worn)
 p - a +0 tower shield
Wands
 v - a wand of flame (14)
Scrolls
 j - a scroll of amnesia
 k - a scroll of magic mapping
 s - a scroll of blinking
Potions
 b - a potion of mutation
 d - a potion of might
 e - 2 potions of curing
 f - a potion of attraction
 g - a potion of haste
 q - a potion of heal wounds


   Skills:
 * Level 4.4 Fighting
 + Level 4.2 Long Blades
 + Level 0.4 Throwing
 + Level 3.6 Armour
 + Level 4.4 Shields


You had 6 spell levels left.
You didn't know any spells.
Your spell library contained the following spells:

 Spells                   Type           Power      Damage    Failure   Level
 Apportation              Tloc           0%         N/A       100%        1
 Foxfire                  Conj/Fire      0%         2x1d4     100%        1
 Magic Dart               Conj           0%         1d3       100%        1
 Shock                    Conj/Air       0%         1d3       100%        1
 Call Imp                 Summ           0%         N/A       100%        2
 Slow                     Hex            0%         N/A       100%        2
 Confusing Touch          Hex            0%         N/A       100%        3
 Mephitic Cloud           Conj/Pois/Air  0%         N/A       100%        3
 Ozocubu's Armour         Ice            0%         N/A       100%        3
 Summon Ice Beast         Ice/Summ       0%         N/A       100%        4
 Summon Mana Viper        Hex/Summ       0%         N/A       100%        5
 Yara's Violent Unravell  Hex/Tmut       0%         3d3       100%        5
 Monstrous Menagerie      Summ           0%         N/A       100%        7
 Ozocubu's Refrigeration  Ice            0%         4d5       100%        7


Dungeon Overview and Level Annotations

Branches:
Dungeon (5/15)
 Temple: D:4-7

Altars:
Ashenzari
Cheibriados
Nemelex Xobeh
Okawaru
Trog
Uskayaw
Xom

Shops:
D:1 (


Innate Abilities, Weirdness & Mutations

You have extremely sharp teeth.
Your natural rate of healing is unusually fast.
When hurt, damage is shared between your health and your magic reserves.
Your bite disrupts and absorbs the magic of your enemies.
Potions cannot restore your health.


Message History

Throw: dart (datura)
Press: ? - help, Q - select action, (/) - cycle Shift-Dir - straight line, f/p - ogre
Aim: an ogre, wielding a +0 giant club (slow, 73% to hit, immune)
You throw a datura-tipped dart. The datura-tipped dart hits the ogre.
The ogre resists.
The ogre looks more energetic.
You block the ogre's attack.
You slash the ogre!
The ogre is moderately wounded.
The ogre hits you with a +0 giant club!
You slash the ogre!
The ogre is heavily wounded.
You block the ogre's attack.
You barely miss the ogre.
The ogre is heavily wounded.
The ogre hits you with a +0 giant club!!
You are too injured to fight recklessly!
You hit the ogre but do no damage. You bite the ogre. You drain its power.
You feel invigorated.
The ogre is severely wounded.
You block the ogre's attack.
You barely miss the ogre.
The ogre is severely wounded.
You block the ogre's attack.
You hit the ogre. You bite the ogre. You drain its power.
The ogre is almost dead.
The ogre hits you with a +0 giant club!!
You block the ogre's attack.
You are too injured to fight recklessly!
You are too injured to fight recklessly!
You are too injured to fight recklessly!
A wyvern skeleton comes into view.
Found a scroll labelled NEOTEJ ZIUFA.
The wyvern skeleton bites you! The wyvern skeleton bites you!
* * * LOW HITPOINT WARNING * * *
You block the ogre's attack. The wyvern skeleton bites you.
* * * LOW HITPOINT WARNING * * *
The wyvern skeleton bites you!
You die...

#.####.# #.#
#.####.#######.####
#......#..........##
######.#.#####.#.#.#
#.....[##...##.
###.##.........
######### #.#####..###.
.....?Z.# #.#####.#.#.#
#@# #.>.<.>.##.##
#O##########.####
#....# ##(## #...)#
#...# ###รท...####
#...# #.........# #...#
##.<.......###...####
#....................
....#..................


You could see an ogre and a wyvern skeleton.

Vanquished Creatures
  2 black bears (D:4)
  A centaur (D:4)
  A scorpion (D:4)
  A jelly (D:4)
  Crazy Yiuf (D:4)
  4 iguanas
  Terence (D:2)
  2 adders
  An adder skeleton (D:5)
  2 worms (D:3)
  3 dart slugs (D:1)
  7 ball pythons
  2 endoplasms
  A giant cockroach (D:4)
  3 goblins (D:1)
  4 hobgoblins
  7 jackals (D:4)
  2 quokkas (D:1)
  13 bats
  6 frilled lizards
  6 kobolds
  5 rats
75 creatures vanquished.

Vanquished Creatures (others)
  A plant (D:5)
1 creature vanquished.

Grand Total: 76 creatures vanquished

Notes
Turn   | Place    | Note
-------+----------+-------------------------------------------
     0 | D:1      | unlimited1921 the Vine Stalker Fighter began the quest for
                  | the Orb.
     0 | D:1      | Reached XP level 1. HP: 11/11 MP: 2/2
    78 | D:1      | Reached XP level 2. HP: 13/16 MP: 3/3
   126 | D:1      | Found Tolag's Antique Weapon Shop.
   595 | D:1      | Reached XP level 3. HP: 19/19 MP: 4/4
   597 | D:1      | Got Spellweaving, Part One
   655 | D:1      | Found a faded altar of an unknown god.
  2203 | D:3      | Found a bloodstained altar of Trog.
  2353 | D:3      | Found a snail-covered altar of Cheibriados.
  2363 | D:3      | Gained mutation: Your natural rate of healing is unusually
                  | fast. [Vine Stalker growth]
  2363 | D:3      | Reached XP level 4. HP: 24/24 MP: 5/5
  2371 | D:3      | Found a shimmering altar of Xom.
  2440 | D:3      | Found a hide-covered altar of Uskayaw.
  2469 | D:3      | Found an iron altar of Okawaru.
  2680 | D:3      | Noticed Terence
  2717 | D:2      | Killed Terence
  2854 | D:4      | Found a sparkling altar of Nemelex Xobeh.
  2888 | D:4      | Reached XP level 5. HP: 28/28 MP: 4/6
  2893 | D:4      | Noticed a black bear
  2903 | D:4      | Killed a black bear
  2923 | D:4      | Reached XP level 6. HP: 26/33 MP: 7/7
  2934 | D:4      | Found a broken altar of Ashenzari.
  3018 | D:4      | Noticed a black bear
  3068 | D:4      | Killed a black bear
  3350 | D:4      | Reached XP level 7. HP: 37/37 MP: 5/8
  3421 | D:4      | Found a runed translucent door.
  3422 | D:4      | Noticed Crazy Yiuf
  3435 | D:4      | Killed Crazy Yiuf
  3589 | D:5      | Entered Level 5 of the Dungeon
  3846 | D:5      | Slain by a wyvern skeleton

Illustrated notes

Levels and vault maps discovered:
D:1:      scummos_arrival_star, layout_loops_cross, serial_shops,
          nicolae_shop_crystal, basic_ecumenical_altar
D:2:      layout_basic
D:3:      layout_rooms, mainiacjoe_overflow_tiny_flanked, slow_altar_1,
          mainiacjoe_overflow_small_starburst, mainiacjoe_overflow_24_doors,
          mainiacjoe_overflow_concentric_impassable, kennysheep_another_room,
          minmay_splitting_lines, dk_noncrumbling_2, chequers_jeans,
          uniq_terence
D:4:      layout_gridville, lemuel_tele_altar, mainiacjoe_overflow_boulevard,
          uniq_crazy_yiuf_cottage
D:5:      layout_loops_cross, lemuel_blue_sif_altar, hex_medium,
          minmay_lizard_king

Skill      XL: |  1  2  3  4  5  6 |
---------------+-------------------+-----
Shields        | 3 4 |  4.4
Long Blades    | 2 3 4 |  4.2
Fighting       | 3 4 |  4.4
Armour         | 3 |  3.6
Throwing       | |  0.4

Action                   |  1- 3 |  4- 6 |  7- 9 || total
-------------------------+-------+-------+-------++-------
Melee: Long sword        |   108 |   109 |    46 ||   263
       Bite              |    21 |    41 |    14 ||    76
Throw: Dart              |     3 |     3 |     3 ||     9
  Use: Scroll            |       |       |    10 ||    10
Armor: Scale mail        |    30 |       |       ||    30
       Plate armour      |    71 |   132 |    13 ||   216
Dodge: Dodged            |    28 |    22 |    11 ||    61
Block: Kite shield       |    95 |    86 |    30 ||   211
       Rpst.: Long sword |     7 |     2 |     1 ||    10
